 Dungeon Crawl Stone Soup version 0.31-a0-236-g9a0961fb85 (webtiles) character file.

Game seed: 13521912014665925327

12 qw the Shooter (level 2, 0/24 HPs)
             Began as a Minotaur Hexslinger on July 10, 2023.
             Slain by a goblin
             ... wielding a +0 dagger
              (2 damage)
             ... on level 1 of the Dungeon.
             The game lasted 00:00:07 (221 turns).

qw the Shooter (Minotaur Hexslinger)                 Turns: 221, Time: 00:00:07

Health: 0/24       AC:  2    Str: 12    XL:     2   Next: 20%
Magic:  2/2        EV: 12    Int: 10    God:
Gold:   35         SH:  0    Dex: 12    Spells: 2/3 levels left

rFire   . . .        a - +1 sling
rCold   . . .        (no shield)
rNeg    . . .        c - +0 robe
rPois   .            (helmet restricted)
rElec   .            (no cloak)
rCorr   .            (no gloves)
SInv    .            (no boots)
Will    .....        (no amulet)
Stlth   +            (no ring)
HPRegen 0.24/turn    (no ring)
MPRegen 0.08/turn

%: no passive effects
@: no status effects
A: horns 2, retaliatory headbutt
a: no special abilities


You were on level 1 of the Dungeon.
You visited 1 branch of the dungeon, and saw 1 of its levels.

You collected 35 gold pieces.


Innate Abilities, Weirdness & Mutations

You have a pair of horns on your head.
You reflexively headbutt those who attack you in melee.


   Skills:
 + Level 1.7 Fighting
 - Level 3.0 Ranged Weapons
 - Level 2.1 Dodging
 - Level 1.0 Spellcasting
 - Level 2.0 Hexes


You had 2 spell levels left.
You knew the following spells:

 Your Spells              Type           Power      Damage    Failure   Level
a - Slow                  Hex            16%        N/A       16%         1

Your spell library contained the following spells:

 Spells                   Type           Power      Damage    Failure   Level
 Inner Flame              Hex/Fire       2%         N/A       56%         3
 Portal Projectile        Hex/Tloc       4%         N/A       56%         3
 Cause Fear               Hex            2%         N/A       83%         4

Inventory:

Hand Weapons
 a - a +1 sling (weapon)
Armour
 c - a +0 robe (worn)
 e - a +0 leather armour
Scrolls
 b - a scroll of poison
 f - a scroll of blinking {unknown}
Potions
 d - a potion of lignification {unknown}

Dungeon Overview and Level Annotations

Branches:
Dungeon (1/15)

Altars:


Message History

You kill the rat!
You now have 35 gold pieces (gained 12).
You see here a rat corpse.
A quokka, a goblin and a hobgoblin come into view.
Found a scroll labelled GOLUTEA REAF.
The goblin shouts!
The hobgoblin shouts!
Enter note:
Enter note: You shoot a sling bullet.
The sling bullet closely misses the hobgoblin.
You shoot a sling bullet. The sling bullet hits the hobgoblin.
You kill the hobgoblin!
You shoot a sling bullet.
The sling bullet hits the quokka but does no damage.
You shoot a sling bullet.
The sling bullet closely misses the quokka.
The quokka bites you.
You shoot a sling bullet.
The sling bullet barely misses the goblin.
The quokka bites you but does no damage.
The goblin hits you with a +0 dagger. The quokka closely misses you.
You furiously retaliate!
You headbutt the quokka. You shoot a sling bullet.
The sling bullet completely misses the quokka.
The goblin hits you with a +0 dagger. The quokka bites you.
You shoot a sling bullet.
The sling bullet hits the quokka but does no damage.
The quokka is almost dead.
The quokka barely misses you. The goblin hits you with a +0 dagger.
The quokka barely misses you.
You shoot a sling bullet. The sling bullet misses the quokka.
The goblin closely misses you. The quokka bites you.
The goblin hits you with a +0 dagger.
You shoot a sling bullet. The sling bullet hits the quokka.
You kill the quokka!
The goblin hits you with a +0 dagger.
You shoot a sling bullet.
The sling bullet barely misses the goblin.
The goblin hits you with a +0 dagger.
You die...

# ##### ?# #.#.#.# .#
#.#)..# .# #.....##
.##### ###...... .....##
........#########.......
.................g......
.#####.....>....@%......
.....)..#####%...#......
.###.#..# #....# .....
.###.#### ##....# ....
.###.# #.....# ...
.....# #.....# .. ####.#
#.##### # # #.## #.# #
#..# #.#


You could see a goblin.

Vanquished Creatures
  A ball python (D:1)
  2 bats (D:1)
  A hobgoblin (D:1)
  2 quokkas (D:1)
  2 kobolds (D:1)
  4 rats (D:1)
12 creatures vanquished.

Notes
Turn   | Place    | Note
-------+----------+-------------------------------------------
     0 | D:1      | qw the Minotaur Hexslinger began the quest for the Orb.
     0 | D:1      | Reached XP level 1. HP: 16/16 MP: 1/1
     0 | D:1      | 0 ||| qw: Version: 0.3-a-52-g30416fa
     0 | D:1      | 0 ||| qw: Game counter: 4699
     0 | D:1      | 0 ||| qw: Melee chars always use a shield: true
     0 | D:1      | 0 ||| qw: God list: Okawaru
     0 | D:1      | 0 ||| qw: Allow faded altars: false
     0 | D:1      | 0 ||| qw: Do Orc after clearing Dungeon:15 true
     0 | D:1      | 0 ||| qw: Do second Lair branch before Depths: true
     0 | D:1      | 0 ||| qw: Lair rune preference: random
     0 | D:1      | 0 ||| qw: Goals: Normal
     0 | D:1      | 0 ||| PLANNING D:1-11
   182 | D:1      | Reached skill level 3 in Ranged Weapons
   194 | D:1      | Reached XP level 2. HP: 23/23 MP: 2/2
   219 | D:1      | HP: 3/23 [goblin/+0 dagger (3)]
   221 | D:1      | Slain by a goblin

Levels and vault maps discovered:
D:1:      lemuel_arrival_room, layout_basic, minmay_misc_feat_encased

Skill      XL: |  1 |
---------------+----+-----
Ranged Weapons | 3 |  3.0
Fighting       | |  1.7
Dodging        | |  2.1
Spellcasting   | |  1.0
Hexes          | |  2.0

Action                     || total
---------------------------++-------
   Fire: Sling             ||    32
 Armour: Robe              ||     5
  Dodge: Dodged            ||     8

Table legend:
 A = Non-vault XP
 B = Vault XP
 C = Vault XP percentage of total XP
 D = Non-vault monster count
 E = Vault monster count
 F = Vault count percentage of total count
                 A         B        C        D         E       F
            +---------+---------+-------+---------+---------+-------
      Total |      18 |       0 |   0.0 |      12 |       0 |   0.0
            +---------+---------+-------+---------+---------+-------
        D:1 |      18 |       0 |   0.0 |      12 |       0 |   0.0
            +---------+---------+-------+---------+---------+-------
